 Dungeon Crawl Stone Soup version 0.31.0-9-g3a7656b989 (webtiles) character file.

Game seed: 2744755139368506371

15425 Chiseanne the Fighter (level 12, -3/97 HPs)
             Began as a Demonspawn Shapeshifter on Feb 3, 2024.
             Was a High Priest of Wu Jian.
             Slain by a rust devil (8 damage)
             ... summoned by an orc high priest
             ... in a bailey.
             The game lasted 00:30:33 (11439 turns).

Chiseanne the Fighter (Demonspawn Shapeshifter)    Turns: 11439, Time: 00:30:34

Health: -3/97      AC: -6    Str: 15 (16) XL:     12   Next: 1%
Magic:  0/12       EV: 12    Int: 10      God:    Wu Jian [*****.]
Gold:   367        SH: 10    Dex: 17      Spells: 11/11 levels left

rFire   . .          .
                       - Unarmed
rCold   . . .        H - +0 kite shield
rNeg    + . .        A - +2 scale mail {rPois}
rPois   +            (helmet currently unavailable)
rElec   .            (cloak currently unavailable)
rCorr   .            (gloves unavailable)
SInv    .            (boots currently unavailable)
Will    .....        l - amulet of guardian spirit Stlth
                     a - ring of positive energy
HPRegen 0.36/turn    (no ring)
MPRegen 0.13/turn

%: guardian spirit
@: beast-form, corroded, studying Evocations
A: beast (slay +1), claws 3, molten scales 2, demonic guardian 2, spiny 1,
deterioration 1
a: Begin Untransformation, Renounce Religion, Wall Jump, Serpent's Lash,
Heavenly Storm


You were in a bailey.
You worshipped Wu Jian.
Wu Jian was extremely pleased with you.
You were a hulking beast.
You visited 1 branch of the dungeon, and saw 10 of its levels.
You also visited: Bailey.

You collected 675 gold pieces.
You spent 308 gold pieces at shops.

Inventory:

Hand Weapons
 m - a +0 dagger of venom
 s - the +4 whip of the Hummingbird {venom, rElec}
   (You found it on level 5 of the Dungeon)

   rElec:     It insulates you from electricity.
Missiles
 g - 209 stones
 h - 19 poisoned darts (quivered)
 i - 3 silver javelins
 r - 7 curare-tipped darts
 x - 12 boomerangs
 F - 2 throwing nets
Armour
 o - an orb of light
 w - +0 acid dragon scales
 A - a +2 scale mail of poison resistance (worn)
 E - the -1 pair of boots "Mewat" {rC+ Int+4}
   (You bought it in a shop on level 8 of the Dungeon)

   Int+4:     It affects your intelligence (+4).
   rC+:       It protects you from cold.
 H - a +0 kite shield (worn)
Jewellery
 a - a ring of positive energy (left claw)
 l - an amulet of guardian spirit (around neck)
Talismans
 c - a beast talisman (active)
Wands
 v - a wand of polymorph (14)
 z - a wand of iceblast (1)
 C - a wand of acid (7)
Scrolls
 d - 2 scrolls of identify
 j - a scroll of fear
 p - 4 scrolls of teleportation
 y - a scroll of blinking
 B - a scroll of amnesia
Potions
 b - 4 potions of lignification
 e - a potion of magic
 f - 5 potions of curing
 k - a potion of might
 n - a potion of ambrosia
 q - 2 potions of brilliance
 u - a potion of heal wounds


   Skills:
 - Level 9.7 Fighting
 - Level 8.0 Armour
 - Level 9.0 Dodging
 - Level 5.1 Shields
 - Level 9.3 Unarmed Combat
 + Level 1.0 Evocations
 - Level 2.6 Shapeshifting


You had 11 spell levels left.
You didn't know any spells.
Your spell library contained the following spells:

 Spells                   Type           Power      Damage    Failure   Level
 Apportation              Tloc           0%         N/A       98%         1
 Necrotise                Necr           0%         1d4       98%         1
 Sting                    Conj/Alch      0%         1d3       98%         1
 Summon Small Mammal      Summ           0%         N/A       98%         1
 Call Canine Familiar     Summ           0%         N/A       100%        3
 Summon Blazeheart Golem  Fire/Summ      0%         N/A       100%        4


Dungeon Overview and Level Annotations

Branches:
Dungeon (10/15)            Temple (0/1) D:4            Lair (0/5) D:9
 Bailey (1/1)
    Orc: D:9-12

Altars:
Ashenzari
Dithmenos
Okawaru
Qazlal
Vehumet
Wu Jian
Yredelemnul

Shops:
D:8 [

Annotations:
D:7 3 runed translucent doors, nitefall's ghost, novice MiBe


Innate Abilities, Weirdness & Mutations

You are a hulking beast.
Your limbs bulge with bestial killing power. (Slay +1)
You have claws for hands.
You are mostly covered in molten scales. (AC +3)
A demonic guardian rushes to your aid.
You are partially covered in sharp spines.
Your body sometimes deteriorates upon taking damage.


Message History

The rust devil corrodes you!
You claw the orc!
You kill the orc!
The Council accepts your kill. The neqoxec barely misses you.
You block the rust devil's attack. The rust devil closely misses you.
The orc high priest closely misses you.
You closely miss the orc high priest.
The orc high priest is severely wounded.
You block the neqoxec's attack. You block the rust devil's attack.
The rust devil closely misses you.
The orc high priest invokes the aid of Beogh against you.
Pain shoots through your body!
You scratch the orc high priest.
The orc high priest is almost dead.
The neqoxec closely misses you. The rust devil hits you!
The rust devil corrodes you!
The rust devil is struck by your spines.
The rust devil hits you! The rust devil corrodes you!
The orc high priest barely misses you.
You scratch the orc high priest but do no damage.
The orc high priest is almost dead.
The neqoxec hits you!
Your body deteriorates!
You feel weakened. You block the rust devil's attack. The rust devil hits you!
* * * LOW HITPOINT WARNING * * *
A demonic guardian appears!
The rust devil corrodes you!
You completely miss the orc high priest.
The orc high priest is almost dead.
The orc high priest is struck by your spines.
The orc high priest hits you with a +0 war axe!
* * * LOW HITPOINT WARNING * * *
The orc high priest misses your ice devil.
The rust devil hits you.
* * * LOW HITPOINT WARNING * * *
The rust devil corrodes you! The neqoxec gestures at you.
Something gnaws heavily on your mind!
* * * LOW HITPOINT WARNING * * *
The rust devil hits you!
You die...

####..#..⌠..#..####
#.....#.....#.....#
#.8...#.....#...8.#
#.....#######.....#
#.8#############8.#
#..#...........#..#
#.8#...........#8.#
≈≈≈≈≈~.#).#....443....#..#.~≈≈≈≈≈
≈≈≈≈≈~.##'#....oh4....#'##.~≈≈≈≈≈
≈≈≈≈≈~.#))#+####'####+#..#.~≈≈≈≈≈
≈≈≈≈≈~.#).#! #...# )#..#.~≈≈≈≈≈
≈≈≈≈≈~.#.)# #...# #..#.~≈≈≈≈≈
≈≈≈≈≈~.#..# #8.8# #..#.~≈≈≈≈≈
≈≈≈≈≈~.#..# #...# #..#.~≈≈≈≈≈
#+#'##+###8.8###+##'#'#
#....#...#...#.[[#....#
#....#...#...#.[[#))..#


You could see an orc high priest, 2 rust devils, a neqoxec (summoned) and a
friendly ice devil (summoned).

Vanquished Creatures
  2 two-headed ogres
  2 death yaks
  2 orc knights (Bailey)
  3 centaur zombies (D:10)
  An orc sorcerer (Bailey)
  2 kobold demonologists (D:10)
  A hornet (D:6)
  A troll (D:10)
  14 yaks
  4 fire bats (D:10)
  A wraith (D:10)
  A wyvern (D:10)
  A steam dragon (D:10)
  An acid dragon (D:9)
  4 water moccasins
  4 black bears
  An ice beast (D:8)
  12 orc warriors
  3 ogres
  7 centaurs
  3 kobold brigands
  Blork the orc (D:5)
  6 bullfrogs
  7 gnoll sergeants
  3 scorpions
  A wight (D:10)
  8 killer bees
  4 electric eels (Bailey)
  4 howler monkeys (D:7)
  A jelly (D:4)
  2 hounds (D:5)
  5 bombardier beetles
  8 orc priests
  2 sleepcaps
  A hell rat (D:9)
  2 iguanas (D:5)
  2 orc wizards
  19 gnolls
  8 adders
  A river rat (D:9)
  A shadow imp (D:7)
  4 ribbon worms
  7 dart slugs
  32 orcs
  7 ball pythons
  3 bats
  7 endoplasms
  5 giant cockroaches
  11 goblins
  7 hobgoblins
  2 jackals (D:3)
  10 quokkas
  3 frilled lizards (D:1)
  17 kobolds
  12 rats
283 creatures vanquished.

Vanquished Creatures (collateral kills)
  A death yak (D:9)
  A centaur zombie (D:10)
  An ogre (D:6)
  An orc wizard (D:4)
  3 orcs (D:4)
  3 kobolds (D:5)
10 creatures vanquished.

Grand Total: 293 creatures vanquished

Notes
Turn   | Place    | Note
-------+----------+-------------------------------------------
     0 | D:1      | Chiseanne the Demonspawn Shapeshifter began the quest for
                  | the Orb.
     0 | D:1      | Reached XP level 1. HP: 15/15 MP: 1/1
   100 | D:1      | Gained mutation: You are partially covered in molten
                  | scales. (AC +2) [demonic ancestry]
   100 | D:1      | Reached XP level 2. HP: 21/21 MP: 2/2
   641 | D:2      | Reached XP level 3. HP: 18/27 MP: 3/3
  1799 | D:3      | Gained mutation: You are mostly covered in molten scales.
                  | (AC +3) [demonic ancestry]
  1799 | D:3      | Reached XP level 4. HP: 34/34 MP: 4/4
  1894 | D:3      | Found an ornate altar of the Wu Jian Council.
  2360 | D:3      | Gained mutation: A weak demonic guardian rushes to your
                  | aid. [demonic ancestry]
  2360 | D:3      | Reached XP level 5. HP: 34/40 MP: 3/5
  2571 | D:3      | Became a worshipper of the Wu Jian Council
  2980 | D:4      | Noticed an ogre
  2990 | D:4      | Killed an ogre
  2991 | D:4      | Gained mutation: You have sharp fingernails. [demonic
                  | ancestry]
  2991 | D:4      | Reached XP level 6. HP: 48/48 MP: 3/6
  3233 | D:4      | Found a staircase to the Ecumenical Temple.
  4025 | D:5      | Entered Level 5 of the Dungeon
  4037 | D:5      | Identified the +4 whip of the Hummingbird {venom, rElec}
  4083 | D:5      | Reached skill level 1 in Armour
  4083 | D:5      | Gained mutation: You have very sharp fingernails. [demonic
                  | ancestry]
  4083 | D:5      | Reached XP level 7. HP: 50/54 MP: 7/7
  4304 | D:5      | Reached * piety under Wu Jian
  4305 | D:5      | Reached skill level 5 in Unarmed Combat
  4430 | D:5      | Reached skill level 5 in Fighting
  4555 | D:4      | Gained mutation: You are partially covered in sharp spines.
                  | [demonic ancestry]
  4555 | D:4      | Reached XP level 8. HP: 33/62 MP: 8/8
  4755 | D:5      | Noticed Blork the orc
  4772 | D:5      | Killed Blork the orc
  4773 | D:5      | Reached skill level 5 in Dodging
  4942 | D:5      | Found a stormy altar of Qazlal.
  4943 | D:5      | Found a radiant altar of Vehumet.
  5823 | D:6      | Reached ** piety under Wu Jian
  5829 | D:6      | Reached XP level 9. HP: 60/69 MP: 6/9
  6096 | D:6      | Paralysed by a hornet for 2 turns
  6689 | D:7      | Reached skill level 5 in Armour
  6922 | D:7      | Found a runed translucent gate.
  6922 | D:7      | Noticed nitefall's ghost (novice MiBe)
  6923 | D:7      | Found a runed translucent gate.
  6924 | D:7      | Found a runed translucent gate.
  7653 | D:8      | Noticed a two-headed ogre
  7668 | D:8      | Killed a two-headed ogre
  7669 | D:8      | Gained mutation: You have claws for hands. [demonic
                  | ancestry]
  7669 | D:8      | Reached XP level 10. HP: 33/80 MP: 5/10
  7934 | D:8      | Found Xuirphaesk's Antique Armour Emporium.
  7956 | D:8      | Bought a buckler for 99 gold pieces
  7956 | D:8      | Bought a pair of smoking boots for 209 gold pieces
  7956 | D:8      | Identified the -1 pair of boots "Mewat" {rC+ Int+4} (You
                  | bought it in a shop on level 8 of the Dungeon)
  8047 | D:8      | Reached *** piety under Wu Jian
  8505 | D:9      | Found a basalt altar of Yredelemnul.
  8508 | D:9      | Found an iron altar of Okawaru.
  8511 | D:9      | Found a broken altar of Ashenzari.
  8564 | D:9      | Reached skill level 1 in Shields
  8752 | D:9      | Noticed a death yak
  8759 | D:9      | Noticed a death yak
  8760 | D:9      | Noticed a death yak
  8771 | D:9      | Killed a death yak
  8972 | D:8      | Killed a death yak
  9139 | D:9      | Killed a death yak
  9374 | D:9      | Noticed a two-headed ogre
  9386 | D:9      | Killed a two-headed ogre
  9575 | D:9      | Gained mutation: A demonic guardian rushes to your aid.
                  | [demonic ancestry]
  9575 | D:9      | Reached XP level 11. HP: 86/87 MP: 11/11
  9628 | D:9      | Found a staircase to the Lair.
  9854 | D:9      | Found a shadowy altar of Dithmenos.
  9987 | D:9      | Reached **** piety under Wu Jian
 10017 | D:10     | Entered Level 10 of the Dungeon
 10780 | D:10     | Found a flagged portal.
 10808 | Bailey   | Entered a bailey
 10982 | Bailey   | Noticed an orc knight
 10986 | Bailey   | Noticed an orc sorcerer
 11003 | Bailey   | Killed an orc knight
 11008 | Bailey   | Noticed an orc knight
 11009 | Bailey   | Killed an orc sorcerer
 11010 | Bailey   | Reached skill level 5 in Shields
 11017 | Bailey   | Killed an orc knight
 11206 | Bailey   | Reached ***** piety under Wu Jian
 11218 | Bailey   | Reached XP level 12. HP: 43/97 MP: 5/12
 11387 | Bailey   | Acquired a manual of Evocations
 11423 | Bailey   | Found an iron altar of Okawaru.
 11423 | Bailey   | Noticed an orc high priest
 11428 | Bailey   | Reached skill level 1 in Evocations
 11431 | Bailey   | Gained mutation: Your body sometimes deteriorates upon
                  | taking damage. [a neqoxec]
 11439 | Bailey   | Slain by a rust devil

Illustrated notes

Levels and vault maps discovered:
D:1:      nicolae_arrival_memento_mori, layout_loops_cross
D:2:      layout_basic
D:3:      minmay_inner_zag, layout_basic, zin_statuary,
          nzn_wu_jian_contemplation, serial_park_tiny_2
D:4:      layout_basic, minmay_temple_entry_nine_rooms, serial_corexii_hall,
          chequers_hall_statues_corner_a, chequers_hall_statues_y
D:5:      minmay_clustersquares, layout_basic, nicolae_overflow_squiral,
          uniq_blork_the_orc
D:6:      layout_loops_ring, minmay_holes, st_stairs_2, kennysheep_diamond
D:7:      layout_loops_corners, gammafunk_ghost_nasty_kobolds,
          palyth_stone_intersect, nrook_mini_vaults
D:8:      layout_rooms, serial_shops, shop
D:9:      layout_long_grid, amcnicky_altar_gilded,
          grunt_temple_overflow_cloverleaf, dpeg_lair_monsters,
          minmay_door_square, reono_crystal_passage, minmay_misc_feat_tower
D:10:     regret_index_infernal_bastille, layout_grid_maze, enter_bailey_2
Bailey:   bailey_axe_of_yendor_kennysheep, bailey

Skill      XL: |  1  2  3  4  5  6  7  8  9 10 11 12 |
---------------+-------------------------------------+-----
Dodging        | 2 3 4 5 7 8 9 |  9.0
Unarmed Combat | 3 4 5 6 7 8 9 |  9.3
Fighting       | 2 3 4 5 6 7 8 9 |  9.7
Armour         | 1 2 4 5 6 8 |  8.0
Shields        | 3 5 |  5.1
Evocations     | 1 |  1.0
Shapeshifting  | |  2.6

Action                     |  1- 3 |  4- 6 |  7- 9 | 10-12 || total
---------------------------+-------+-------+-------+-------++-------
  Melee: Unarmed           |   170 |   182 |   231 |   382 ||   965
         Punch             |     2 |     7 |    16 |       ||    25
  Throw: Stone             |       |     2 |       |       ||     2
         Dart              |       |       |     5 |     9 ||    14
Ability: Lunge             |       |     6 |    15 |    33 ||    54
         Whirlwind         |       |       |     6 |    15 ||    21
  Evoke: Wand              |       |       |       |     5 ||     5
    Use: Scroll            |     8 |     3 |     8 |     4 ||    23
         Potion            |       |     1 |     5 |     3 ||     9
   Stab: Sleeping          |     3 |     2 |       |       ||     5
         Distracted        |       |     1 |       |     1 ||     2
         Invisible         |       |       |       |     6 ||     6
 Armour: Animal skin       |    73 |    64 |       |       ||   137
         Ring mail         |       |    57 |   119 |       ||   176
         Scale mail        |       |       |    14 |   214 ||   228
         Skin              |       |       |     9 |       ||     9
  Dodge: Dodged            |   109 |    98 |   125 |   148 ||   480
  Block: Buckler           |       |       |       |    47 ||    47
         Kite shield       |       |       |       |    92 ||    92
   Form: Beast             |     2 |       |       |     1 ||     3
                           |     1 |       |       |       ||     1
         Flux              |       |       |       |     1 ||     1
